| TOP OF THE 1ST |
|
Asheville Tourists batting - Pitching for Charlotte Hornets : RHP Timothy Kammeyer
|
|
Pitching: RHP Timothy Kammeyer
|
|
|
Batting: RHB Ulises Infante
|
0-0: Ball 1-0: Called Strike 1-1: Ball 2-1: Ball 3-1: Foul Ball, location: 2F 3-2: Fly out, F8 (Flyball, 8LM, EV 90.6 MPH)
|
|
Batting: RHB Wes Robbins
|
0-0: Ball 1-0: Foul Ball, location: 2F 1-1: Called Strike 1-2: Ball 2-2: Foul Ball, location: 2F 2-2: Strikes out swinging
|
|
Batting: LHB Mike Aldrete
|
0-0: Ball 1-0: Swinging Strike 1-1: Ball 2-1: Foul Ball, location: 2F 2-2: Ball 3-2: Base on Balls
|
|
Batting: LHB Donald Mazzilli
|
0-0: DOUBLE (Flyball, 8RXD, EV 91.3 MPH) Mike Aldrete to third Runner from 3rd tries for Home, SAFE, throw by CF to trailing runner, SAFE at third!
|
|
Batting: RHB Gareth Ledbetter
|
0-0: Ball 1-0: Called Strike 1-1: Swinging Strike 1-2: Strikes out swinging
|
| Top of the 1st over - 1 run, 1 hit, 0 errors, 1 left on base; Asheville 1 - Charlotte 0 |
| BOTTOM OF THE 1ST |
|
Charlotte Hornets batting - Pitching for Asheville Tourists : RHP Lazaro Santin
|
|
Pitching: RHP Lazaro Santin
|
|
|
Batting: RHB Charles Stafford
|
0-0: Swinging Strike 0-1: Called Strike 0-2: Foul Ball, location: 2F 0-2: Strikes out swinging
|
|
Batting: RHB Juan Bonilla
|
0-0: SINGLE (Groundball, 34D, EV 95.6 MPH)
|
|
Batting: RHB Ron Johnson
|
0-0: Ball 1-0: Ball 2-0: Ball 3-0: Base on Balls Juan Bonilla to second
|
|
Batting: RHB Tom Romano
|
0-0: Called Strike 0-1: Ball 1-1: Fly out, F7 (Flyball, 7S, EV 90.6 MPH)
|
|
Batting: RHB Barry Lyons
|
0-0: Called Strike 0-1: Foul Ball, location: 2F 0-2: Ground out 3-1 (Groundball, 34S, EV 79.4 MPH)
|
| Bottom of the 1st over - 0 runs, 1 hit, 0 errors, 2 left on base; Asheville 1 - Charlotte 0 |
| TOP OF THE 2ND |
|
Asheville Tourists batting - Pitching for Charlotte Hornets : RHP Timothy Kammeyer
|
|
Batting: LHB Elias Nava
|
0-0: Called Strike 0-1: Ball 1-1: Ground out 5-3 (Groundball, 56, EV 78.1 MPH)
|
|
Batting: LHB Steven Morrison
|
0-0: Called Strike 0-1: Swinging Strike 0-2: Ground out 6-3 (Groundball, 6, EV 81.3 MPH)
|
|
Batting: RHB Tony Toups
|
0-0: Called Strike 0-1: Ball 1-1: Fly out, F9 (Flyball, 9S, EV 89.4 MPH)
|
| Top of the 2nd over - 0 runs, 0 hits, 0 errors, 0 left on base; Asheville 1 - Charlotte 0 |
| BOTTOM OF THE 2ND |
|
Charlotte Hornets batting - Pitching for Asheville Tourists : RHP Lazaro Santin
|
|
Batting: LHB Jesus Diaz
|
0-0: Ground out U3 (Groundball, 3, EV 91.9 MPH)
|
|
Batting: RHB Alvaro Espinoza
|
0-0: Called Strike 0-1: Foul Ball, location: 2F 0-2: Ball 1-2: Strikes out swinging
|
|
Batting: SHB Jose Mota
|
0-0: Ground out 6-3 (Groundball, 56, EV 102.5 MPH)
|
| Bottom of the 2nd over - 0 runs, 0 hits, 0 errors, 0 left on base; Asheville 1 - Charlotte 0 |
| TOP OF THE 3RD |
|
Asheville Tourists batting - Pitching for Charlotte Hornets : RHP Timothy Kammeyer
|
|
Batting: SHB Wayne Simmons
|
0-0: Ball 1-0: Called Strike 1-1: Foul Ball, location: 2F 1-2: Foul Ball, location: 2F 1-2: Ball 2-2: Foul Ball, location: 2F 2-2: Foul Ball, location: 2F 2-2: Foul Ball, location: 2F 2-2: Ground out 6-3 (Groundball, 6, EV 106.9 MPH)
|
|
Batting: RHB Ulises Infante
|
0-0: Ball 1-0: Called Strike 1-1: Fly out, F8 (Flyball, 8LM, EV 87.5 MPH)
|
|
Batting: RHB Wes Robbins
|
0-0: Ground out 6-3 (Groundball, 6, EV 98.8 MPH)
|
| Top of the 3rd over - 0 runs, 0 hits, 0 errors, 0 left on base; Asheville 1 - Charlotte 0 |
| BOTTOM OF THE 3RD |
|
Charlotte Hornets batting - Pitching for Asheville Tourists : RHP Lazaro Santin
|
|
Batting: RHB John O'Rear
|
0-0: Ground out 5-3 (Groundball, 56S, EV 93.1 MPH)
|
|
Batting: RHB Charles Stafford
|
0-0: Swinging Strike 0-1: Called Strike 0-2: Strikes out swinging
|
|
Batting: RHB Juan Bonilla
|
0-0: Ball 1-0: Swinging Strike 1-1: Fly out, F8 (Flyball, 8RM, EV 83.1 MPH)
|
| Bottom of the 3rd over - 0 runs, 0 hits, 0 errors, 0 left on base; Asheville 1 - Charlotte 0 |
| TOP OF THE 4TH |
|
Asheville Tourists batting - Pitching for Charlotte Hornets : RHP Timothy Kammeyer
|
|
Batting: LHB Mike Aldrete
|
0-0: Called Strike 0-1: Called Strike 0-2: Ball 1-2: Foul Ball, location: 2F 1-2: Strikes out swinging
|
|
Batting: LHB Donald Mazzilli
|
0-0: Ball 1-0: Foul Ball, location: 2F 1-1: Ground out 4-3 (Groundball, 4, EV 106.3 MPH)
|
|
Batting: RHB Gareth Ledbetter
|
0-0: Ball 1-0: Called Strike 1-1: Swinging Strike 1-2: Foul Ball, location: 2F 1-2: Ball 2-2: Strikes out swinging
|
| Top of the 4th over - 0 runs, 0 hits, 0 errors, 0 left on base; Asheville 1 - Charlotte 0 |
| BOTTOM OF THE 4TH |
|
Charlotte Hornets batting - Pitching for Asheville Tourists : RHP Lazaro Santin
|
|
Batting: RHB Ron Johnson
|
0-0: Called Strike 0-1: Ball 1-1: Swinging Strike 1-2: Fly out, F9 (Flyball, 89M, EV 95.6 MPH)
|
|
Batting: RHB Tom Romano
|
0-0: Ball 1-0: Called Strike 1-1: Ball 2-1: Ground out 6-3 (Groundball, 6, EV 103.1 MPH)
|
|
Batting: RHB Barry Lyons
|
0-0: Ball 1-0: Foul Ball, location: 2F 1-1: Ball 2-1: Foul Ball, location: 2F 2-2: Ball 3-2: Foul Ball, location: 2F 3-2: Ground out 1-3 (Groundball, 34S, EV 66.9 MPH)
|
| Bottom of the 4th over - 0 runs, 0 hits, 0 errors, 0 left on base; Asheville 1 - Charlotte 0 |
| TOP OF THE 5TH |
|
Asheville Tourists batting - Pitching for Charlotte Hornets : RHP Timothy Kammeyer
|
|
Batting: LHB Elias Nava
|
0-0: Foul Ball, location: 2F 0-1: Ball 1-1: Foul Ball, location: 2F 1-2: Ball 2-2: Strikes out swinging
|
|
Batting: LHB Steven Morrison
|
0-0: Called Strike 0-1: Called Strike 0-2: Ball 1-2: Ball 2-2: Foul Ball, location: 2F 2-2: Ball 3-2: Strikes out swinging
|
|
Batting: RHB Tony Toups
|
0-0: Ball 1-0: Foul Ball, location: 2F 1-1: Foul Ball, location: 2F 1-2: SOLO HOME RUN (Flyball, 9LD, EV 102.5 MPH), Distance : 364 ft
|
|
Batting: SHB Wayne Simmons
|
0-0: Ground out 5-3 (Groundball, 56, EV 87.5 MPH)
|
| Top of the 5th over - 1 run, 1 hit, 0 errors, 0 left on base; Asheville 2 - Charlotte 0 |
| BOTTOM OF THE 5TH |
|
Charlotte Hornets batting - Pitching for Asheville Tourists : RHP Lazaro Santin
|
|
Batting: LHB Jesus Diaz
|
0-0: Called Strike 0-1: Swinging Strike 0-2: Ball 1-2: Ball 2-2: Foul Ball, location: 2F 2-2: Strikes out swinging
|
|
Batting: RHB Alvaro Espinoza
|
0-0: Called Strike 0-1: Ball 1-1: Called Strike 1-2: Ball 2-2: Foul Ball, location: 2F 2-2: DOUBLE (Line Drive, 7LM, EV 102.5 MPH)
|
|
Batting: SHB Jose Mota
|
0-0: Called Strike 0-1: Foul Ball, location: 2F 0-2: Foul Ball, location: 2F 0-2: Foul Ball, location: 2F 0-2: Ball 1-2: Ball 2-2: Ground out U3 (Groundball, 3, EV 83.8 MPH) Alvaro Espinoza to third
|
|
Batting: RHB John O'Rear
|
0-0: Ball 1-0: Ball 2-0: Ball 3-0: Called Strike 3-1: Base on Balls
|
|
Batting: RHB Charles Stafford
|
0-0: Called Strike 0-1: Ball 1-1: Ball 2-1: Foul Ball, location: 2F 2-2: Ball 3-2: Base on Balls John O'Rear to second
|
|
Batting: RHB Juan Bonilla
|
0-0: Ball 1-0: Ball 2-0: Foul Ball, location: 2F 2-1: Called Strike 2-2: Ground out 3-1 (Groundball, 34S, EV 76.9 MPH)
|
| Bottom of the 5th over - 0 runs, 1 hit, 0 errors, 3 left on base; Asheville 2 - Charlotte 0 |
| TOP OF THE 6TH |
|
Asheville Tourists batting - Pitching for Charlotte Hornets : RHP Timothy Kammeyer
|
|
Batting: RHB Ulises Infante
|
0-0: Foul Ball, location: 2F 0-1: Swinging Strike 0-2: Ground out 6-3 (Groundball, 6S, EV 79.4 MPH)
|
|
Batting: RHB Wes Robbins
|
0-0: Fly out, F7 (Line Drive, 7, EV 102.5 MPH)
|
|
Batting: LHB Mike Aldrete
|
0-0: Ball 1-0: Called Strike 1-1: Foul Ball, location: 2F 1-2: Ball 2-2: Fly out, F8 (Flyball, 8RD, EV 99.4 MPH)
|
| Top of the 6th over - 0 runs, 0 hits, 0 errors, 0 left on base; Asheville 2 - Charlotte 0 |
| BOTTOM OF THE 6TH |
|
Charlotte Hornets batting - Pitching for Asheville Tourists : RHP Lazaro Santin
|
|
Batting: RHB Ron Johnson
|
0-0: Ground out 5-3 (Groundball, 56S, EV 63.1 MPH)
|
|
Batting: RHB Tom Romano
|
0-0: Ball 1-0: Called Strike 1-1: Foul Ball, location: 2F 1-2: Foul Ball, location: 2F 1-2: DOUBLE (Line Drive, 78XD, EV 104.4 MPH)
|
|
Batting: RHB Barry Lyons
|
0-0: Called Strike 0-1: Foul Ball, location: 2F 0-2: Ball 1-2: Ball 2-2: Reached on error, E5 (Groundball, 56, EV 103.1 MPH) Tom Romano to third
|
|
Batting: LHB Jesus Diaz
|
0-0: Ball 1-0: Ball Wild Pitch! Tom Romano scores Barry Lyons to second 2-0: Swinging Strike 2-1: Fly out, F7 (Flyball, 7S, EV 87.5 MPH)
|
|
Batting: RHB Alvaro Espinoza
|
0-0: Ball 1-0: SINGLE (Flyball, 9S, EV 94.4 MPH) Barry Lyons to third Runner from 3rd tries for Home, SAFE, throw by RF to home Alvaro Espinoza to second
|
|
Batting: SHB Jose Mota
|
0-0: Ball 1-0: Ball 2-0: Called Strike 2-1: Swinging Strike 2-2: Ball 3-2: Strikes out swinging
|
| Bottom of the 6th over - 2 runs, 2 hits, 1 error, 1 left on base; Asheville 2 - Charlotte 2 |
| TOP OF THE 7TH |
|
Asheville Tourists batting - Pitching for Charlotte Hornets : RHP Timothy Kammeyer
|
|
Batting: LHB Donald Mazzilli
|
0-0: Ball 1-0: Foul Ball, location: 2F 1-1: Foul Ball, location: 2F 1-2: Ground out 6-3 (Groundball, 6, EV 101.3 MPH)
|
|
Batting: RHB Gareth Ledbetter
|
0-0: SINGLE (Line Drive, 8RS, EV 100.0 MPH)
|
|
Batting: LHB Elias Nava
|
0-0: Ball 1-0: Ball 2-0: Ball 3-0: Called Strike 3-1: Base on Balls Gareth Ledbetter to second
|
|
Batting: LHB Steven Morrison
|
0-0: Ball 1-0: Swinging Strike 1-1: Foul Ball, location: 2F 1-2: Foul Ball, location: 2F 1-2: Ball 2-2: Strikes out swinging
|
|
Pitching: RHP Charles Hatcher
|
|
|
Batting: RHB Tony Toups
|
0-0: Ground out 3-1 (Groundball, 34, EV 100.6 MPH)
|
| Top of the 7th over - 0 runs, 1 hit, 0 errors, 2 left on base; Asheville 2 - Charlotte 2 |
| BOTTOM OF THE 7TH |
|
Charlotte Hornets batting - Pitching for Asheville Tourists : RHP Lazaro Santin
|
|
Batting: RHB John O'Rear
|
0-0: Ball 1-0: Fly out, F5 (Popup, 5F, EV 72.5 MPH)
|
|
Batting: RHB Charles Stafford
|
0-0: SINGLE (Groundball, 34D, EV 106.3 MPH)
|
|
Batting: RHB Juan Bonilla
|
0-0: Ball 1-0: Ball 2-0: Foul Ball, location: 2F 2-1: Ball 3-1: Ground out 5-3 (Groundball, 56S, EV 73.1 MPH) Charles Stafford to second
|
|
Batting: RHB Ron Johnson
|
0-0: Foul Ball, location: 2F 0-1: Ball 1-1: Ball 2-1: Foul Ball, location: 2F 2-2: Strikes out swinging
|
| Bottom of the 7th over - 0 runs, 1 hit, 0 errors, 1 left on base; Asheville 2 - Charlotte 2 |
| TOP OF THE 8TH |
|
Asheville Tourists batting - Pitching for Charlotte Hornets : RHP Charles Hatcher
|
|
Batting: SHB Wayne Simmons
|
0-0: Called Strike 0-1: Reached on error, E3 (Groundball, 34, EV 110.0 MPH)
|
|
Batting: RHB Ulises Infante
|
0-0: SINGLE (Line Drive, 3D, EV 98.1 MPH) Wayne Simmons to second Runner from 2nd tries for 3rd, OUT! 9-5
|
|
Batting: RHB Wes Robbins
|
0-0: Ball 1-0: Called Strike 1-1: Ball 2-1: Ball 3-1: Base on Balls Ulises Infante to second
|
|
Batting: LHB Mike Aldrete
|
0-0: Called Strike 0-1: Swinging Strike 0-2: Strikes out looking
|
|
Batting: LHB Donald Mazzilli
|
0-0: Ball 1-0: Called Strike 1-1: Fly out, F8 (Flyball, 8RXD, EV 88.1 MPH)
|
| Top of the 8th over - 0 runs, 1 hit, 1 error, 2 left on base; Asheville 2 - Charlotte 2 |
| BOTTOM OF THE 8TH |
|
Charlotte Hornets batting - Pitching for Asheville Tourists : RHP Lazaro Santin
|
|
Batting: RHB Tom Romano
|
0-0: Called Strike 0-1: Ball 1-1: Fly out, F9 (Flyball, 9D, EV 102.5 MPH)
|
|
Pitching: LHP Dave Schuler
|
|
|
Batting: RHB Barry Lyons
|
0-0: Fly out, F9 (Flyball, 89D, EV 87.5 MPH)
|
|
Batting: LHB Jesus Diaz
|
0-0: Ball 1-0: Ball 2-0: Foul Ball, location: 2F 2-1: Foul Ball, location: 2F 2-2: Ground out 4-3 (Groundball, 4, EV 98.1 MPH)
|
| Bottom of the 8th over - 0 runs, 0 hits, 0 errors, 0 left on base; Asheville 2 - Charlotte 2 |
| TOP OF THE 9TH |
|
Asheville Tourists batting - Pitching for Charlotte Hornets : RHP Charles Hatcher
|
|
Pitching: RHP Jorge Solano
|
|
|
Batting: RHB Gareth Ledbetter
|
0-0: Ball 1-0: Ball 2-0: Ball 3-0: Base on Balls
|
|
Batting: LHB Elias Nava
|
0-0: Sac Bunt to 13 - play at first, batter OUT! 1-4 Gareth Ledbetter to second
|
|
Batting: LHB Steven Morrison
|
0-0: Intentional Walk
|
|
Pinch Hitting: LHB Daniel McInerny
|
0-0: Called Strike 0-1: Ball 1-1: Swinging Strike 1-2: DOUBLE (Flyball, 8RXD, EV 100.6 MPH) Gareth Ledbetter scores Steven Morrison to third Runner from 3rd tries for Home, SAFE, throw by CF to home
|
|
Batting: SHB Wayne Simmons
|
0-0: Ball 1-0: Called Strike Daniel McInerny steals 3rd base 1-1: Swinging Strike 1-2: Strikes out swinging
|
|
Batting: RHB Ulises Infante
|
0-0: Ball 1-0: Called Strike 1-1: Ball 2-1: Ball 3-1: Base on Balls
|
|
Batting: RHB Wes Robbins
|
0-0: Ball 1-0: Swinging Strike 1-1: Ball 2-1: Ground out 4-3 (Groundball, 34, EV 98.8 MPH)
|
| Top of the 9th over - 2 runs, 1 hit, 0 errors, 2 left on base; Asheville 4 - Charlotte 2 |
| BOTTOM OF THE 9TH |
|
Charlotte Hornets batting - Pitching for Asheville Tourists : LHP Dave Schuler
|
|
Pitching: RHP Moises Rangel
|
|
|
Now at 2B: Mike Garcia
|
|
|
Batting: RHB Alvaro Espinoza
|
0-0: Reached on error, E6 (Groundball, 6, EV 86.3 MPH)
|
|
Batting: SHB Jose Mota
|
0-0: Foul Ball, location: 2F 0-1: Called Strike 0-2: Ball 1-2: Foul Ball, location: 2F 1-2: Foul Ball, location: 2F 1-2: Strikes out swinging
|
|
Pinch Hitting: LHB Steve Macko
|
0-0: Called Strike 0-1: Foul Ball, location: 2F 0-2: Fly out, F1 (Popup, P, EV 75.0 MPH)
|
|
Batting: RHB Charles Stafford
|
0-0: Swinging Strike 0-1: Ball 1-1: Ball 2-1: Ball 3-1: Called Strike 3-2: Ground out U3 (Groundball, 34, EV 84.4 MPH)
|
| Bottom of the 9th over - 0 runs, 0 hits, 1 error, 1 left on base; Asheville 4 - Charlotte 2 |
|